AoeStats
← Mulçumano

Arabia

510005614Analyzed
1v1 RM · 3d ago on Sep 29, 2026· 30m 14s· 2 players
Game mode
Random Map
Map size
Tiny (2 player)
Population
200
Speed
Normal
Resources
Standard
Victory
Conquest
Starting age
Dark Age
Ending age
Imperial Age
RankedLock teamsTeams togetherTeam positionsShared explorationLock speedFull tech treeHidden civsTurbo modeCheats
Victory
Defeat
🇺🇸 Japanese · United States
898
+16
🇧🇷 Franks · Brazil
905
-16
DeathisGain
11:17 Feudal Age
12:43 Double-Bit Axe
15:00 Man-at-Arms
15:54 Scale Mail Armor
18:42 Castle Age
20:26 Arson
20:23 Long Swordsman
22:13 Bow Saw
24:03 Horse Collar
24:26 Gambesons
26:36 Wheelbarrow
26:50 Forging
30:34 Chain Mail Armor
Mulçumano
10:07 Feudal Age
8:23 Loom
11:19 Double-Bit Axe
13:02 Man-at-Arms
22:06 Scale Mail Armor
22:21 Forging
25:01 Castle Age
26:06 Chain Mail Armor
25:14 Long Swordsman
25:54 Squires
25:40 Arson
28:32 Scale Barding Armor
Connection lost

Rejoining the realm…

Still unreachable

The connection could not be restored.

Session expired

The server has moved on; the page needs a fresh start.